 Dungeon Crawl Stone Soup version 0.30-a0-870-gc5d4c5acee (webtiles) character file.

Game seed: 10742718195928890342

718 bande the Chopper (level 7, 0/44 HPs)
             Began as a Gargoyle Fighter on Mar 12, 2023.
             Slain by a wraith (7 damage)
             ... on level 5 of the Dungeon.
             The game lasted 00:08:18 (3994 turns).

bande the Chopper (Gargoyle Fighter)                Turns: 3994, Time: 00:08:18

Health: 0/44       AC: 19    Str: 19    XL:     7   Next: 70%
Magic:  7/7        EV:  6    Int:  9    God:
Gold:   211        SH:  8    Dex: 11    Spells: 6/6 levels left

rFire   . . .      SeeInvis .    a - +1 war axe
rCold   . . .      Faith    .    f - +0 kite shield
rNeg    + . .      Spirit   .    i - +0 chain mail
rPois   ∞          Reflect  .    l - +1 helmet
rElec   +          Rampage  .    k - +0 cloak
rCorr   .                        (no gloves)
Will    .....                    u - +0 pair of boots Stlth
                                 h - amulet of regeneration
HPRegen 1.07/turn                (no ring)
MPRegen 0.10/turn                (no ring)

@: slowed, very slow
A: sickness immunity, AC +4, negative energy resistance 1, electricity
resistance, torment resistance 1, petrification resistance
a: no special abilities


You were on level 5 of the Dungeon.
You visited 1 branch of the dungeon, and saw 5 of its levels.

You collected 211 gold pieces.

Inventory:

Hand Weapons
 a - a +1 war axe (weapon)
 c - a +0 flail
Armour
 f - a +0 kite shield (worn)
 i - a +0 chain mail (worn)
 k - a +0 cloak (worn)
 l - a +1 helmet (worn)
 p - a scarf of invisibility
 u - a +0 pair of boots (worn)
Jewellery
 h - an amulet of regeneration (around neck)
Scrolls
 e - 3 scrolls of identify
 g - a scroll of fog
 q - 2 scrolls of teleportation
 s - a scroll of enchant weapon
 t - a scroll of magic mapping
Potions
 d - 4 potions of might
 j - 5 potions of flight
 m - a potion of magic
 n - 2 potions of haste
 o - a potion of mutation
 r - a potion of resistance


   Skills:
 + Level 4.5 Fighting
 + Level 5.5 Axes
 + Level 5.2 Armour
 + Level 4.7 Shields
 * Level 1.1 Evocations


You had 6 spell levels left.
You didn't know any spells.
Your spell library was empty.

Dungeon Overview and Level Annotations

Branches:
Dungeon (5/15)
 Temple: D:4-7

Altars:
Cheibriados
Hepliaklqana

Portals:
Abyss: D:3

Annotations:
D:3 2 transporters, Loveship's ghost, amateur DjFE


Innate Abilities, Weirdness & Mutations

You are immune to sickness and miasma.
Your stone body is resilient. (AC +4)
You are immune to poison.
You resist negative energy. (rN+)
You are resistant to electric shocks. (rElec)
You are resistant to unholy torment.
You are immune to petrification.


Message History

The wraith is severely damaged.
The wraith hits you. The wraith hits you! The wraith drains your vigour!
You feel as though you will be slow longer.
You hit the wraith.
The wraith is severely damaged.
An ogre comes into view. It is wielding a +0 giant spiked club.
The wraith hits you but does no damage. x2
The ogre shouts!
You hit the wraith but do no damage.
The wraith is severely damaged.
The wraith hits you but does no damage.
The ogre hits you with a +0 giant spiked club!
The wraith barely misses you.
You are too injured to fight recklessly!
You are too injured to fight recklessly!
You are too injured to fight recklessly!
You are too injured to fight recklessly!
You are too injured to fight recklessly!
You are too injured to fight recklessly!
You are too injured to fight recklessly!
You are too injured to fight recklessly!
You are too injured to fight recklessly!
Unknown command.
You hit the wraith but do no damage.
The wraith is severely damaged.
You slash the ogre! The wraith hits you. You block the ogre's attack.
You block the wraith's attack. The wraith barely misses you.
You block the ogre's attack.
Unknown command.
You closely miss the ogre.
The ogre is moderately wounded.
You hit the wraith but do no damage. The wraith hits you but does no damage.
The ogre hits you with a +0 giant spiked club!!
* * * LOW HITPOINT WARNING * * *
The wraith closely misses you.
Unknown command.
You slash the ogre!
The ogre is severely wounded.
You closely miss the wraith. You block the ogre's attack. The wraith hits you!
You die...

...######
........>#
.........#
........+
#......#
#####......#
...........#
..........<#
......W@O..#
.......###.#
....... #.#
....... #.#
#+####. #.#
#. #.# ..
#.. .. ..


You could see a wraith and an ogre.

Vanquished Creatures
  Duvessa (D:4)
  An ogre (D:4)
  A scorpion (D:3)
  Dowan (D:4)
  A hound (D:5)
  An orc priest (D:4)
  Jessica (D:2)
  Terence (D:2)
  An iguana (D:3)
  2 orc wizards (D:4)
  Robin (D:2)
  10 adders
  A shadow imp (D:4)
  4 worms
  A dart slug (D:4)
  13 orcs
  3 ball pythons
  8 endoplasms
  6 giant cockroaches
  18 goblins
  9 hobgoblins
  A jackal (D:2)
  6 kobolds
  7 quokkas
  3 bats
  3 frilled lizards
  3 rats
108 creatures vanquished.

Notes
Turn   | Place    | Note
-------+----------+-------------------------------------------
     0 | D:1      | bande the Gargoyle Fighter began the quest for the Orb.
     0 | D:1      | Reached XP level 1. HP: 14/14 MP: 1/1
   265 | D:1      | Reached XP level 2. HP: 17/19 MP: 2/2
   885 | D:2      | Reached XP level 3. HP: 23/23 MP: 3/3
   915 | D:2      | Noticed Jessica
   920 | D:2      | Killed Jessica
   983 | D:2      | Reached XP level 4. HP: 28/28 MP: 4/4
  1186 | D:2      | Noticed Terence
  1197 | D:2      | Killed Terence
  1290 | D:2      | Reached XP level 5. HP: 33/33 MP: 5/5
  1465 | D:2      | Noticed Robin
  1479 | D:2      | Killed Robin
  1812 | D:3      | Noticed a small abomination
  1817 | D:3      | Found a transporter.
  1826 | D:3      | Found a one-way gate to the infinite horrors of the Abyss.
  1826 | D:3      | Noticed Loveship's ghost (amateur DjFE)
  1826 | D:3      | Noticed a small abomination
  2055 | D:3      | Reached XP level 6. HP: 38/38 MP: 6/6
  2266 | D:3      | Found a transporter.
  2363 | D:3      | Found a hazy altar of Hepliaklqana.
  2574 | D:3      | Noticed an ancient zyme
  2833 | D:4      | Found a snail-covered altar of Cheibriados.
  3532 | D:4      | Reached XP level 7. HP: 19/43 MP: 7/7
  3536 | D:4      | Reached skill level 5 in Axes
  3701 | D:4      | Noticed Dowan
  3701 | D:4      | Noticed Duvessa
  3724 | D:4      | Killed Duvessa
  3725 | D:4      | Reached skill level 5 in Armour
  3730 | D:4      | Killed Dowan
  3879 | D:4      | Reached skill level 1 in Evocations
  3979 | D:5      | Entered Level 5 of the Dungeon
  3982 | D:5      | Noticed a wraith
  3994 | D:5      | Slain by a wraith

Illustrated notes

Levels and vault maps discovered:
D:1:      tarquinn_simple_flora_water_a, layout_loops_corners
D:2:      minmay_kobold_bridge, layout_basic, nrook_mini_vaults,
          minmay_tetromino_l4, uniq_terence, uniq_robin, uniq_jessica
D:3:      minmay_inner_zag, layout_basic, mainiacjoe_overflow_six_doors_small,
          gammafunk_ghost_abyssal_escape, skrybe_limestone_x
D:4:      minmay_opposing_rooms, layout_rooms, lemuel_doored_altar,
          mainiacjoe_overflow_alcove_4, chequers_arboretum, uniq_duvessa
D:5:      layout_basic, gammafunk_ghost_mausoleum, uniq_eustachio

Skill      XL: |  1  2  3  4  5  6  7 |
---------------+----------------------+-----
Axes           | 2 3 4 5 |  5.5
Shields        | 4 |  4.7
Armour         | 4 5 |  5.2
Fighting       | 4 |  4.5
Evocations     | 1 |  1.1

Action                     |  1- 3 |  4- 6 |  7- 9 || total
---------------------------+-------+-------+-------++-------
  Melee: War axe           |    60 |   237 |    40 ||   337
    Use: Scroll            |       |    14 |     3 ||    17
         Potion            |       |     2 |       ||     2
 Armour: Scale mail        |    35 |   128 |     9 ||   172
         Chain mail        |       |       |    10 ||    10
  Dodge: Dodged            |    28 |    82 |    13 ||   123
  Block: Buckler           |    22 |     4 |       ||    26
         Kite shield       |       |    81 |    15 ||    96

Table legend: (Time is in decaauts)
 A = Elapsed time spent in this place.
 B = Non-inter-level travel time spent in this place.
 C = Inter-level travel time spent in this place.
 D = Time resting spent in this place.
 E = Time spent auto-exploring this place.
 F = Levels seen in this place.
 G = Mean time per level.
                   A        B        C        D        E       F      G
               +--------+--------+--------+--------+--------+-----+--------+
         Total |   4150 |   4113 |     37 |    636 |   2406 |   5 |  830.0 |
       Dungeon |   4150 |   4113 |     37 |    636 |   2406 |   5 |  830.0 |
               +--------+--------+--------+--------+--------+-----+--------+

Top non-repeatable levels by time:
     D:3: 1339 daAuts
     D:4: 971 daAuts
     D:2: 928 daAuts
     D:1: 886 daAuts
     D:5: 23 daAuts
